 Dungeon Crawl Stone Soup version 0.17.0-28-g6e173f8 (console) character file.

3534 Kloppie the Arsonist (level 9, 0/58 HPs)
             Began as a High Elf Fire Elementalist on Nov 24, 2015.
             Was a Follower of Vehumet.
             Killed by divine providence
             ... invoked by an orc priest
              (13 damage)
             ... on level 9 of the Dungeon.
             The game lasted 00:24:26 (10204 turns).

Kloppie the Arsonist (High Elf Fire Elementalist)  Turns: 10204, Time: 00:24:26

Health: 0/58       AC:  5    Str:  7    XL:     9   Next: 82%
Magic:  12/15      EV: 13    Int: 21    God:    Vehumet [*.....]
Gold:   490        SH:  0    Dex: 18    Spells: 4 memorised, 2 levels left

rFire  . . .     SeeInvis .     o - +2 short sword (elec)
rCold  . . .     Clarity  .     a - +0 robe
rNeg   . . .     SustAt   .     (no shield)
rPois  .         Gourm    .     y - +1 helmet
rElec  .         Spirit   .     (no cloak)
rCorr  .         Warding  .     w - +0 pair of gloves
rMut   +         Stasis   .     (no boots)
MR     .....                    G - amulet of resist mutation
Stlth  +++.......               t - ring of wizardry
                                O - ring of stealth

@: not resistant to hostile enchantments, fairly stealthy
A: no striking features
a: Renounce Religion


You were on level 9 of the Dungeon.
You worshipped Vehumet.
Vehumet was aware of your devotion.
You were hungry.

You visited 2 branches of the dungeon, and saw 10 of its levels.

You collected 490 gold pieces.

Inventory:

Hand Weapons
 i - a +0 dagger
 o - a +2 short sword of electrocution (weapon)
Missiles
 h - 6 needles of paralysis
Armour
 a - a +0 robe (worn)
 w - a +0 pair of gloves (worn)
 y - a +1 helmet (worn)
Jewellery
 m - an uncursed ring of fire
 t - a ring of wizardry (right hand)
 D - an uncursed amulet of stasis
 F - an uncursed ring of see invisible
 G - an amulet of resist mutation (around neck)
 O - a ring of stealth (left hand)
Wands
 A - a wand of fireball (10)
 B - a wand of frost (32)
 E - a wand of paralysis (13)
Scrolls
 j - 7 scrolls of remove curse
 k - 2 scrolls of amnesia
 x - 7 scrolls of identify
 H - 2 scrolls of fog
 L - a scroll of magic mapping
Potions
 e - a potion of cancellation
 f - 2 potions of magic
 g - 2 potions of mutation {unknown}
 n - 2 potions of resistance
 r - 2 potions of poison {unknown}
 s - 4 potions of curing
 z - 2 potions of agility {unknown}
 M - a potion of berserk rage {unknown}
Books
 b - a book of Flames

   Spells                             Type                      Level
   a - Flame Tongue                   Conjuration/Fire             1
   b - Throw Flame                    Conjuration/Fire             2
   c - Conjure Flame                  Conjuration/Fire             3
   d - Inner Flame                    Hexes/Fire                   3
   e - Sticky Flame                   Conjuration/Fire             4
   f - Fireball                       Conjuration/Fire             5
 C - a book of Beasts

   Spells                             Type                      Level
   a - Summon Butterflies             Summoning                    1
   b - Call Canine Familiar           Summoning                    3
   c - Summon Ice Beast               Ice/Summoning                4
   d - Summon Mana Viper              Hexes/Summoning              5
   e - Summon Hydra                   Summoning                    7
 I - a book of Callings

   Spells                             Type                      Level
   a - Summon Small Mammal            Summoning                    1
   b - Call Imp                       Summoning                    2
   c - Call Canine Familiar           Summoning                    3
   d - Summon Guardian Golem          Hexes/Summoning              3
   e - Summon Lightning Spire         Summoning/Air                4
   f - Summon Ice Beast               Ice/Summoning                4
Comestibles
 c - 4 bread rations
 l - 4 meat rations
 p - 2 slices of pizza
 q - 2 beef jerkies
 u - 5 fruits
 v - a royal jelly


   Skills:
 + Level 4.2 Fighting
 + Level 8.2 Dodging
 - Level 2.1 Stealth
 - Level 3.7 Spellcasting
 - Level 7.5 Conjurations
 + Level 9.1 Fire Magic


You had 2 spell levels left.
You knew the following spells:

 Your Spells              Type           Power        Failure   Level  Hunger
a - Flame Tongue          Conj/Fire      #####        1%          1    None
b - Conjure Flame         Conj/Fire      #####...     1%          3    ###....
c - Sticky Flame          Conj/Fire      #####...     1%          4    ####...
d - Fireball              Conj/Fire      #####.....   6%          5    ######.


Dungeon Overview and Level Annotations

Branches:
Dungeon (9/15)             Temple (1/1) D:7             Orc (0/4) D:9
   Lair: D:8-11

Altars:
Ashenzari
Cheibriados
Dithmenos
Elyvilon
Fedhas
Gozag
Kikubaaqudgha
Makhleb
Nemelex Xobeh
Qazlal
Ru
Sif Muna
Trog
Vehumet
Xom
Yredelemnul


Message History

Something smites you!
* * * LOW HITPOINT WARNING * * *
You hit the orc.
You kill the orc!
Vehumet accepts your kill.
The orc priest mumbles some strange prayers to Beogh against you.
Something smites you!
* * * LOW HITPOINT WARNING * * *
The orc hits you but does no damage.
Things that are here:
a hand axe; an orc skeleton
Items here: )) [ † a whip; a club; a chain mail; an orc corpse
Things that are here:
a falchion; an orc skeleton; an orc skeleton All of the chunks of flesh in your inventory have rotted away.
There is a stone staircase leading up here.
The orc priest invokes the aid of Beogh against you.
Something smites you!
You die...

###.. ...##
##o.##### ##
###oS)#...# ..
#...#.)S8.# .
.. #o#####)oo##
#o #. ##S#
####o###)#
#.##..##o.#####
##).o#
.......@......#
#.o.#
#...........###
#...#
..#######.....#
#'###'# #.#...#
o.# #.
#.#...'.8o .
#.....#.o .#
#.##.


You could see 2 orc priests, an adder and 2 orcs.

Vanquished Creatures
  A wraith (D:8)
  A water moccasin (D:9)
  2 ice beasts (D:5)
  A necrophage (D:8)
  A wasp (D:7)
  3 orc warriors
  5 ogres
  A sky beast (D:8)
  2 centaurs
  A crocodile (D:7)
  2 giant frogs
  A wyvern skeleton (D:7)
  3 scorpions
  2 killer bees (D:8)
  A jelly (D:6)
  5 wights (D:7)
  3 crimson imps
  5 orc wizards
  A giant frog zombie (D:5)
  7 orc priests
  2 giant frog skeletons
  4 hounds
  3 iguanas
  A quasit (D:8)
  7 worker ants
  A killer bee zombie (D:6)
  7 adders
  3 gnolls (D:3)
  A worker ant zombie (D:6)
  An ooze (D:7)
  An adder skeleton (D:7)
  2 adder zombies
  A worm (D:4)
  4 giant geckos
  43 orcs
  A ball python (D:1)
  8 giant cockroaches
  2 hobgoblins
  4 kobolds
  3 quokkas
  10 bats
  A giant gecko skeleton (D:4)
  3 giant newts
  18 goblins
  10 jackals
  8 rats
197 creatures vanquished.

Notes
Turn   | Place    | Note
--------------------------------------------------------------
     0 | D:1      | Kloppie the High Elf Fire Elementalist began the quest for the Orb.
     0 | D:1      | Reached XP level 1. HP: 11/11 MP: 4/4
   393 | D:1      | Reached XP level 2. HP: 17/17 MP: 3/6
   855 | D:1      | Reached XP level 3. HP: 13/21 MP: 7/7
  1349 | D:1      | Learned a level 3 spell: Conjure Flame
  1421 | D:1      | Reached skill level 4 in Fire Magic
  1840 | D:2      | Reached XP level 4. HP: 24/27 MP: 8/8
  2197 | D:2      | Found a burning altar of Makhleb.
  3169 | D:3      | Found a sacrificial altar of Ru.
  3220 | D:3      | Reached XP level 5. HP: 18/31 MP: 1/9
  3358 | D:3      | Learned a level 4 spell: Sticky Flame
  4082 | D:4      | Reached skill level 5 in Fire Magic
  4124 | D:4      | Found a shattered altar of Ashenzari.
  4424 | D:4      | Reached XP level 6. HP: 6/36 MP: 7/10
  4703 | D:4      | Reached skill level 5 in Conjurations
  4854 | D:5      | Entered Level 5 of the Dungeon
  5206 | D:5      | Reached skill level 6 in Fire Magic
  5206 | D:5      | Reached XP level 7. HP: 41/41 MP: 0/13
  5398 | D:5      | Learned a level 5 spell: Fireball
  6201 | D:6      | Reached XP level 8. HP: 32/46 MP: 11/14
  6497 | D:6      | Found an ancient bone altar of Kikubaaqudgha.
  6531 | D:6      | Reached skill level 7 in Fire Magic
  6534 | D:6      | Reached skill level 5 in Dodging
  7583 | D:7      | Found a staircase to the Ecumenical Temple.
  7600 | Temple   | Entered the Ecumenical Temple
  7709 | Temple   | Became a worshipper of Vehumet
  7995 | D:7      | Reached XP level 9. HP: 45/51 MP: 9/15
  8096 | D:7      | Reached skill level 8 in Fire Magic
  8366 | D:7      | Reached skill level 1 in Fighting
  9473 | D:8      | Found a shattered altar of Ashenzari.
  9486 | D:8      | Reached * piety under Vehumet
  9486 | D:8      | Offered knowledge of Sting by Vehumet.
  9535 | D:7      | HP: 2/57 [poisoned by a killer bee]
 10026 | D:9      | Reached skill level 9 in Fire Magic
 10136 | D:9      | Found a staircase to the Orcish Mines.
 10204 | D:9      | Killed from afar by an orc priest

Action                   |  1- 3 |  4- 6 |  7- 9 || total
-------------------------+-------+-------+-------++-------
Melee: Unarmed           |    17 |       |       ||    17
       Dagger            |    47 |     4 |       ||    51
       Short sword       |       |   104 |   189 ||   293
 Cast: Flame Tongue      |    40 |    68 |   168 ||   276
       Sticky Flame      |       |     1 |    19 ||    20
       Conjure Flame     |       |     1 |       ||     1
       Fireball          |       |       |     3 ||     3
Evoke: Wand              |       |       |     7 ||     7
  Use: Scroll            |       |     8 |     8 ||    16
       Potion            |       |     2 |     5 ||     7
 Stab: Sleeping          |     2 |     1 |     1 ||     4
  Eat: Chunk             |     3 |    11 |    13 ||    27
       Fruit             |       |       |     2 ||     2
       Pizza             |       |       |     1 ||     1
       Beef jerky        |       |       |     2 ||     2
